 Dungeon Crawl Stone Soup version 0.19-a0-1007-g133f65f (webtiles) character file.

25 Kurtz the Cudgeler (level 2, -2/24 HPs)
             Began as a Mummy Berserker on July 19, 2016.
             Was a Believer of Trog.
             Slain by a hobgoblin
             ... wielding a +0 club
              (4 damage)
             ... on level 1 of the Dungeon.
             The game lasted 00:02:13 (811 turns).

Kurtz the Cudgeler (Mummy Berserker)                 Turns: 811, Time: 00:02:14

Health: -2/24      AC:  2    Str: 20    XL:     2   Next: 82%
Magic:  2/2        EV: 12    Int:  6    God:    Trog [**....]
Gold:   23         SH:  0    Dex: 11    Spells: 0 memorised, 1 level left

rFire  x . .     SeeInvis .     a - +0 mace
rCold  + . .     Gourm    .     b - +0 animal skin
rNeg   + + +     Faith    .     (no shield)
rPois  ∞         Spirit   .     (no helmet)
rElec  .         Dismiss  .     (no cloak)
rCorr  .         Reflect  .     (no gloves)
SustAt .         Harm     .     (no boots)
MR     ++...                    (no amulet)
Stlth  +.........               (no ring)
                                (no ring)

@: regenerating, very resistant to hostile enchantments, very unstealthy
A: no food or potions, fire vulnerability, cold resistance 1, negative energy
resistance 3, torment resistance, unbreathing
a: Trog's Hand, Burn Spellbooks, Renounce Religion


You were on level 1 of the Dungeon.
You worshipped Trog.
Trog was pleased with you.
You were not hungry.

You visited 1 branch of the dungeon, and saw 1 of its levels.

You collected 23 gold pieces.

Inventory:

Hand Weapons
 a - a +0 mace (weapon)
Armour
 b - a +0 animal skin (worn)
Scrolls
 c - 2 scrolls of identify {unknown}
 d - a scroll of amnesia {unknown}
 e - a scroll of fog {unknown}


   Skills:
 - Level 3.0 Fighting
 * Level 3.3 Maces & Flails
 - Level 1.5 Armour
 - Level 1.5 Dodging


You had one spell level left.
You didn't know any spells.

Dungeon Overview and Level Annotations

Branches:
Dungeon (1/15)

Altars:


Innate Abilities, Weirdness & Mutations

You do not eat or drink.
Your flesh is vulnerable to fire.
You are immune to poison.
Your flesh is cold resistant. (rC+)
You are immune to negative energy. (rN+++)
You are immune to unholy pain and torment.
You can survive without breathing.


Message History

* * * LOW HITPOINT WARNING * * *
You are too injured to fight recklessly!
You are too injured to fight recklessly!
You are too injured to fight recklessly!
You are too injured to fight recklessly!
You are too injured to fight recklessly!
You are too injured to fight recklessly!
You are too injured to fight recklessly!
You are too injured to fight recklessly!
You are too injured to fight recklessly!
You are too injured to fight recklessly!
You are too injured to fight recklessly!
A hobgoblin is nearby!
A hobgoblin is nearby!
The hobgoblin hits you with a club.
* * * LOW HITPOINT WARNING * * *
Your skin crawls.
You feel resistant to hostile enchantments.
The hobgoblin hits you with a club.
You die...

#.# ######## #.# #......#
#.# #......# #.# #...!..#
#######.#
#####......#####....##.#
....'......'.....#.....#
###.#......#####÷#.....##
#.#......# #@#..#...##
#.#......# #.g..#....#
###.######## ###..#..#.#
....# #.(...#.# #####
#..##.#.# ...#
#####.##...# .#.########
#.....##..## ..........#
#.###..#.## .#.######.#
#)# #..#.#


You could see a hobgoblin.

Vanquished Creatures
  2 dart slugs (D:1)
  A ball python (D:1)
  A giant cockroach (D:1)
  2 hobgoblins (D:1)
  4 jackals (D:1)
  A bat (D:1)
  A giant newt (D:1)
  4 goblins (D:1)
  3 rats (D:1)
19 creatures vanquished.

Notes
Turn   | Place    | Note
-------+----------+-------------------------------------------
     0 | D:1      | Kurtz the Mummy Berserker began the quest for the Orb.
     0 | D:1      | Reached XP level 1. HP: 18/18 MP: 1/1
    61 | D:1      | Upgraded the game from 0.19-a0-1002-g674d22e to 0.19-a0-1007-g133f65f
   176 | D:1      | Reached XP level 2. HP: 23/24 MP: 2/2
   572 | D:1      | Reached ** piety under Trog
   809 | D:1      | HP: 1/24 [hobgoblin/club (3)]
   811 | D:1      | Slain by a hobgoblin

Vault maps used:
D:1:      erik_arrival_triangle_medium, minmay_liquid_box,
          minmay_misc_feat_columns

Skill      XL: |  1  2 |
---------------+-------+-----
Maces & Flails | 3 |  3.3
Fighting       | |  3.0
Armour         | |  1.5
Dodging        | |  1.5

Action                   || total
-------------------------++-------
Melee: Mace              ||    80
Invok: Trog's Hand       ||     1
Armor: Animal skin       ||    13
Dodge: Dodged            ||    61
